 Dungeon Crawl Stone Soup version 0.26-a0-712-ga5a9c9c9d0 (webtiles) character file.

Game seed: 16733046746475214428

(classic levelgen) 9219 EnegeticOcto the Cleaver (level 11, -1/100 HPs)
             Began as a Deep Dwarf Fighter on Nov 4, 2020.
             Was a Believer of Makhleb.
             Slain by a 16-headed hydra (5 damage)
             ... on level 11 of the Dungeon.
             The game lasted 00:06:15 (7666 turns).

EnegeticOcto the Cleaver (Deep Dwarf Fighter)       Turns: 7666, Time: 00:06:15

Health: -1/100     AC: 28    Str: 23    XL:     11   Next: 20%
Magic:  8/8        EV: 10    Int:  9    God:    Makhleb [**....]
Gold:   526        SH:  0    Dex: 12    Spells: 10/10 levels left

rFire    . . .     SeeInvis .   v - +4 battleaxe (freeze)
rCold    . . .     Faith    .   (shield currently unavailable)
rNeg     + + .     Spirit   .   b - +3 plate armour "Gabolodghu" {+Fly rN+ MR+}
rPois    .         Reflect  .   q - +2 helmet
rElec    .         Harm     .   C - +2 cloak
rCorr    .         Rampage  .   m - +2 pair of gloves
MR       ++...                  s - +0 pair of boots
Stlth    ..........             k - amulet of the acrobat
HPRegen  0.00/turn              p - ring of positive energy
MPRegen  0.11/turn              (no ring)

@: non-regenerating
A: damage resistance, heal wounds, sense surroundings 2, no regeneration
a: Heal Wounds, Minor Destruction, Renounce Religion, Evoke Flight


You were on level 11 of the Dungeon.
You worshipped Makhleb.
Makhleb was pleased with you.
You visited 2 branches of the dungeon, and saw 12 of its levels.
You also visited: Bailey.

You collected 526 gold pieces.

Inventory:

Hand Weapons
 v - a +4 battleaxe of freezing (weapon)
Armour
 b - the +3 plate armour "Gabolodghu" (worn) {+Fly rN+ MR+}
   (You acquired it in a bailey)

   It protects you from negative energy.
   It affects your resistance to hostile enchantments.
   It lets you fly.
 c - a +0 kite shield
 l - a +0 chain mail
 m - a +2 pair of gloves (worn)
 q - a +2 helmet (worn)
 s - a +0 pair of boots (worn)
 C - a +2 cloak (worn)
Jewellery
 k - an amulet of the acrobat (around neck)
 p - a ring of positive energy (left hand)
Wands
 e - a wand of polymorph (4)
 f - a wand of digging (7) {@v3}
 o - a wand of paralysis (10)
Scrolls
 g - a scroll of fear
 h - 3 scrolls of teleportation {@r3}
 r - a scroll of fog
 y - 2 scrolls of blinking
Potions
 a - a potion of haste {@q4}
 d - 2 potions of might {@q3}
 i - 4 potions of curing {unknown}
 j - 3 potions of brilliance {unknown}
 n - 2 potions of flight
 z - 2 potions of mutation
 A - a potion of berserk rage
 B - 4 potions of cancellation
Miscellaneous
 V - a condenser vane (inert)


   Skills:
 + Level 7.2 Fighting
 * Level 11.2 Axes
 + Level 8.6 Armour
 + Level 6.4 Dodging
 - Level 5.2 Shields
 * Level 9.2 Invocations


You had 10 spell levels left.
You didn't know any spells.
Your spell library was empty.

Dungeon Overview and Level Annotations

Branches:
Dungeon (11/15)            Temple (1/1) D:6            Lair (0/6) D:9
    Orc (0/2) D:10         Bailey (visited)

Altars:
Ashenzari
Cheibriados
Dithmenos
Elyvilon
Fedhas
Gozag
Hepliaklqana
Kikubaaqudgha
Makhleb
Nemelex Xobeh
Okawaru
Qazlal
Ru
Sif Muna
Trog
Uskayaw
Vehumet
Wu Jian
Xom
Yredelemnul
Zin
The Shining One

Portals:
Trove: D:10 (give +4 shadow dragon scales)

Annotations:
D:3 1 runed translucent door, Inarius's ghost, amateur DrCK


Innate Abilities, Weirdness & Mutations

You are resistant to damage.
You can heal yourself by infusing magical energy.
You passively map the area around you.
You do not regenerate.


Message History

The 14-headed hydra barely misses you.
The 14-headed hydra bites you but does no damage.
The 14-headed hydra closely misses you.
The 14-headed hydra bites you but does no damage.
You hack one of the 14-headed hydra's heads off!
The 13-headed hydra grows two more!
You slash the 15-headed hydra!
The 15-headed hydra seems to slow down.
You freeze the 15-headed hydra.
The 15-headed hydra is almost dead.
The 15-headed hydra bites you!
The 15-headed hydra bites you but does no damage.
The 15-headed hydra barely misses you. x2
The 15-headed hydra bites you but does no damage. x2
The 15-headed hydra barely misses you. The 15-headed hydra bites you.
The 15-headed hydra bites you but does no damage. x3
The 15-headed hydra barely misses you.
The 15-headed hydra bites you but does no damage.
The 15-headed hydra barely misses you. The 15-headed hydra bites you!
You are too injured to fight recklessly!
You are too injured to fight recklessly!
You are too injured to fight recklessly!
You are too injured to fight recklessly!
You are too injured to fight recklessly!
You are too injured to fight recklessly!
You are too injured to fight recklessly!
You are too injured to fight recklessly!
You are too injured to fight recklessly!
You are too injured to fight recklessly!
You are too injured to fight recklessly!
You are too injured to fight recklessly!
You are too injured to fight recklessly!
You are too injured to fight recklessly!
You are too injured to fight recklessly!
You are too injured to fight recklessly!
You are too injured to fight recklessly!
You are too injured to fight recklessly!
You are too injured to fight recklessly!
You are too injured to fight recklessly!
You hack one of the 15-headed hydra's heads off!
The 14-headed hydra grows two more!
You slash the 16-headed hydra!
The 16-headed hydra seems to slow down.
You freeze the 16-headed hydra.
The 16-headed hydra is almost dead.
The 16-headed hydra bites you but does no damage. x4
The 16-headed hydra bites you!
* * * LOW HITPOINT WARNING * * *
The 16-headed hydra bites you!
* * * LOW HITPOINT WARNING * * *
The 16-headed hydra bites you but does no damage.
The 16-headed hydra bites you. The 16-headed hydra bites you!
* * * LOW HITPOINT WARNING * * *
The 16-headed hydra bites you!
* * * LOW HITPOINT WARNING * * *
The 16-headed hydra bites you but does no damage.
The 16-headed hydra barely misses you. The 16-headed hydra bites you. x2
* * * LOW HITPOINT WARNING * * *
The 16-headed hydra bites you but does no damage.
The 16-headed hydra closely misses you.
You barely miss the 16-headed hydra.
The 16-headed hydra is almost dead.
You barely miss the 16-headed hydra.
The 16-headed hydra is almost dead.
The 16-headed hydra bites you but does no damage.
The 16-headed hydra barely misses you.
The 16-headed hydra bites you but does no damage.
The 16-headed hydra misses you.
The 16-headed hydra bites you but does no damage.
The 16-headed hydra barely misses you. The 16-headed hydra bites you.
The 16-headed hydra bites you but does no damage.
The 16-headed hydra bites you. The 16-headed hydra closely misses you.
The 16-headed hydra bites you but does no damage.
The 16-headed hydra bites you.
* * * LOW HITPOINT WARNING * * *
The 16-headed hydra closely misses you.
The 16-headed hydra bites you but does no damage. x3
You feel much better. The 16-headed hydra closely misses you.
The 16-headed hydra bites you but does no damage. x2
The 16-headed hydra bites you!
* * * LOW HITPOINT WARNING * * *
The 16-headed hydra barely misses you. The 16-headed hydra misses you.
The 16-headed hydra closely misses you. The 16-headed hydra bites you!
* * * LOW HITPOINT WARNING * * *
The 16-headed hydra closely misses you.
The 16-headed hydra bites you but does no damage. x4
The 16-headed hydra bites you!
* * * LOW HITPOINT WARNING * * *
The 16-headed hydra bites you. x2
You barely miss the 16-headed hydra.
The 16-headed hydra is almost dead.
The 16-headed hydra barely misses you.
The 16-headed hydra bites you but does no damage.
The 16-headed hydra barely misses you. x2
The 16-headed hydra closely misses you.
The 16-headed hydra bites you but does no damage.
The 16-headed hydra bites you.
* * * LOW HITPOINT WARNING * * *
The 16-headed hydra closely misses you. The 16-headed hydra bites you.
* * * LOW HITPOINT WARNING * * *
The 16-headed hydra bites you but does no damage. x2
The 16-headed hydra completely misses you.
The 16-headed hydra bites you.
You die...

#.#### #....# #+#####
#######'### *.......
*,..........# *..)....
** * ..........#
*......., ,
,..........# ....... ,
..........###†....?. *
...)......#.○.°.....
,.......@D.'°#.......,
* ..........###.......
* ..........# *.......
, ######+#### #######
* * , , * , * * + ***
, * , * * ,,


You could see a 16-headed hydra (slow).

Vanquished Creatures
  3 two-headed ogres
  An unseen horror (D:10)
  A manticore (D:11)
  An ugly thing (D:11)
  A gargoyle (D:11)
  2 kobold demonologists (Bailey)
  2 trolls
  A hornet (D:11)
  A wraith (D:11)
  Duvessa (D:6)
  A water moccasin (D:9)
  10 orc warriors
  4 ice beasts
  2 ogres
  3 black bears
  3 sky beasts
  A phantom (D:6)
  3 centaurs
  2 big kobolds
  2 bullfrogs
  Dowan (D:6)
  2 scorpions
  A killer bee (Bailey)
  3 wights (D:6)
  A howler monkey (D:6)
  7 electric eels
  A bullfrog zombie (D:9)
  2 jellies (D:8)
  Crazy Yiuf (D:3)
  2 hounds
  A gnoll shaman (D:5)
  5 orc priests
  2 centaur skeletons (D:8)
  3 orc wizards
  2 iguanas
  6 worker ants
  A hound skeleton (D:6)
  A howler monkey zombie (D:11)
  6 adders
  15 gnolls
  3 shadow imps
  A white imp (D:5)
  2 ufetubi
  3 oozes
  A worm (D:3)
  A dart slug (D:1)
  6 leopard geckos
  28 orcs
  4 giant cockroaches
  7 goblins
  11 hobgoblins
  4 quokkas
  6 bats
  3 frilled lizards (D:2)
  13 kobolds
  5 rats
206 creatures vanquished.

Vanquished Creatures (others)
  A hobgoblin (Bailey)
1 creature vanquished.

Grand Total: 207 creatures vanquished

Notes
Turn   | Place    | Note
-------+----------+-------------------------------------------
     0 | D:1      | EnegeticOcto the Deep Dwarf Fighter began the quest for the
                  | Orb.
     0 | D:1      | Reached XP level 1. HP: 20/20 MP: 1/1
    68 | D:1      | Reached XP level 2. HP: 27/27 MP: 2/2
   417 | D:3      | Reached skill level 3 in Axes
   417 | D:3      | Reached XP level 3. HP: 24/33 MP: 3/3
   430 | D:4      | Noticed a scorpion
   436 | D:4      | Killed a scorpion
   436 | D:4      | Reached XP level 4. HP: 31/42 MP: 4/4
   631 | D:4      | Found a stormy altar of Qazlal.
   633 | D:4      | Found a sacrificial altar of Ru.
   633 | D:4      | Found a broken altar of Ashenzari.
   654 | D:4      | Reached skill level 4 in Axes
   654 | D:4      | Reached XP level 5. HP: 42/49 MP: 4/4
  1158 | D:5      | Entered Level 5 of the Dungeon
  1258 | D:5      | Found a snail-covered altar of Cheibriados.
  1274 | D:5      | Reached XP level 6. HP: 37/56 MP: 5/5
  1555 | D:5      | Reached skill level 5 in Axes
  1559 | D:5      | Noticed an ice beast
  1576 | D:5      | Killed an ice beast
  1635 | D:5      | Reached XP level 7. HP: 57/64 MP: 5/5
  1777 | D:5      | Reached skill level 5 in Armour
  1798 | D:5      | Reached skill level 5 in Shields
  1873 | D:5      | Reached skill level 6 in Axes
  2005 | D:6      | Found a bloodstained altar of Trog.
  2008 | D:6      | Reached skill level 1 in Dodging
  2016 | D:6      | Reached XP level 8. HP: 54/73 MP: 6/6
  2056 | D:6      | Noticed Dowan
  2057 | D:6      | Noticed Duvessa
  2060 | D:6      | Killed Dowan
  2062 | D:6      | Reached skill level 7 in Axes
  2073 | D:6      | Killed Duvessa
  2114 | D:6      | Found a staircase to the Ecumenical Temple.
  2123 | D:6      | Reached skill level 5 in Fighting
  2129 | Temple   | Entered the Ecumenical Temple
  2847 | D:6      | Found a shadowy altar of Dithmenos.
  3816 | D:3      | Reached skill level 8 in Axes
  3826 | D:3      | Found a runed translucent door.
  3828 | D:3      | Noticed Inarius's ghost (amateur DrCK)
  4154 | D:3      | Found a runed translucent door.
  4155 | D:3      | Noticed Crazy Yiuf
  4314 | D:3      | Paralysed by Crazy Yiuf for 4 turns
  4319 | D:3      | Killed Crazy Yiuf
  4644 | D:7      | Found a burning altar of Makhleb.
  4658 | D:7      | Became a worshipper of Makhleb the Destroyer
  4751 | D:7      | Found a glowing silver altar of Zin.
  4791 | D:7      | Reached skill level 1 in Invocations
  4791 | D:7      | Gained mutation: You passively map the area around you.
                  | [Deep Dwarf growth]
  4791 | D:7      | Reached XP level 9. HP: 67/81 MP: 6/8
  5076 | D:8      | Found an ornate altar of the Wu Jian Council.
  5257 | D:8      | Found a shimmering altar of Xom.
  5258 | D:8      | Found an ancient bone altar of Kikubaaqudgha.
  5270 | D:8      | Noticed a two-headed ogre
  5276 | D:8      | Killed a two-headed ogre
  5276 | D:8      | Reached skill level 9 in Axes
  5381 | D:8      | Noticed a two-headed ogre
  5390 | D:8      | Killed a two-headed ogre
  5390 | D:8      | Reached skill level 5 in Invocations
  5522 | D:9      | Noticed a two-headed ogre
  5527 | D:9      | Killed a two-headed ogre
  5527 | D:9      | Reached skill level 5 in Dodging
  5527 | D:9      | Reached XP level 10. HP: 79/92 MP: 12/12
  5624 | D:9      | Reached * piety under Makhleb
  5624 | D:9      | Reached skill level 10 in Axes
  5748 | D:9      | Found an opulent altar of Gozag.
  5797 | D:9      | Found a staircase to the Lair.
  6519 | D:10     | Entered Level 10 of the Dungeon
  6547 | D:10     | Found a portal to a secret trove of treasure.
  6598 | D:10     | Found a flagged portal.
  6607 | Bailey   | Entered a bailey
  6653 | Bailey   | Found an iron altar of Okawaru.
  6662 | Bailey   | Noticed a rust devil
  6667 | Bailey   | Noticed a rust devil
  6692 | Bailey   | Reached ** piety under Makhleb
  6914 | Bailey   | Acquired the +3 plate armour "Gabolodghu" {+Fly rN+ MR+}
  7003 | D:10     | Killed an unseen horror
  7117 | D:10     | Found a shimmering altar of Xom.
  7119 | D:10     | Found a shimmering altar of Xom.
  7120 | D:10     | Found a shimmering altar of Xom.
  7120 | D:10     | Found a shimmering altar of Xom.
  7141 | D:10     | Reached XP level 11. HP: 94/100 MP: 10/10
  7273 | D:10     | Found a staircase to the Orcish Mines.
  7567 | D:11     | Reached skill level 11 in Axes
  7612 | D:11     | Noticed a red ugly thing
  7618 | D:11     | Killed a red ugly thing
  7631 | D:11     | Noticed an eight-headed hydra
  7666 | D:11     | HP: 4/100 [16-headed hydra (3)]
  7666 | D:11     | Slain by a 16-headed hydra

Illustrated notes

Levels and vault maps discovered:
D:1:      dpeg_arrival_rhombi, layout_basic, grunt_decor_mini_mirrors,
          minmay_misc_feat_diagonals
D:2:      layout_basic, hex_medium
D:3:      layout_loops_ring, ebering_ghost_sewer_d, uniq_crazy_yiuf_cottage
D:4:      layout_basic, grunt_temple_overflow_open
D:5:      layout_basic, cheibriados_altar_1
D:6:      layout_basic, grunt_dithmenos_shadows, trog_ov_bears_minmay,
          minmay_temple_entry_statues_fountains, uniq_duvessa
D:7:      layout_cave_pools, makhleb_heckhound_becter, kennysheep_mini_moat
D:8:      layout_basic, overflow_temple_1_default,
          gammafunk_temple_overflow_statue
D:9:      layout_basic, lair_entry_dummy, grunt_gozag_statues
D:10:     layout_loops_ring, orc_0_dummy, enter_bailey_8, enter_trove_2,
          xom_shifter_show
D:11:     layout_roguey, kennysheep_generic_room_4
Temple:   hc_temple_tempest_star

Skill      XL: |  1  2  3  4  5  6  7  8  9 10 11 |
---------------+----------------------------------+-----
Axes           | 3 4 5 6 8 9 10 11 | 11.2
Fighting       | 3 4 5 6 7 |  7.2
Armour         | 4 5 6 7 8 |  8.6
Shields        | 4 5 |  5.2
Dodging        | 1 3 5 6 |  6.4
Invocations    | 1 6 8 9 |  9.2

Action                   |  1- 3 |  4- 6 |  7- 9 | 10-12 || total
-------------------------+-------+-------+-------+-------++-------
Melee: War axe           |    71 |   142 |    95 |       ||   308
       Battleaxe         |       |       |   183 |   213 ||   396
 Abil: Heal Wounds       |       |     5 |    13 |    27 ||    45
Evoke: Wand              |       |       |       |    10 ||    10
       Condenser vane    |       |       |       |     2 ||     2
  Use: Scroll            |       |       |    18 |     7 ||    25
       Potion            |       |       |       |     1 ||     1
Armor: Scale mail        |    32 |     2 |       |       ||    34
       Chain mail        |       |    75 |   198 |    89 ||   362
       Plate armour      |       |       |       |   228 ||   228
Dodge: Dodged            |    24 |    41 |   127 |   234 ||   426
Block: Kite shield       |    48 |    76 |    77 |       ||   201

Table legend: (Time is in decaauts)
 A = Elapsed time spent in this place.
 B = Non-inter-level travel time spent in this place.
 C = Inter-level travel time spent in this place.
 D = Time resting spent in this place.
 E = Time spent auto-exploring this place.
 F = Levels seen in this place.
 G = Mean time per level.
                   A        B        C        D        E       F      G
               +--------+--------+--------+--------+--------+-----+--------+
         Total |   7878 |   7238 |    640 |      0 |   5438 |  13 |  606.0 |
       Dungeon |   7123 |   6506 |    617 |      0 |   5054 |  11 |  647.5 |
        Temple |    391 |    368 |     23 |      0 |    367 |   1 |  391.0 |
        Bailey |    363 |    363 |      0 |      0 |     17 |   1 |  363.0 |
               +--------+--------+--------+--------+--------+-----+--------+

Top non-repeatable levels by time:
     D:9: 1055 daAuts
     D:5: 970 daAuts
     D:3: 917 daAuts
     D:4: 800 daAuts
     D:2: 792 daAuts
     D:6: 755 daAuts
    D:10: 708 daAuts
     D:8: 482 daAuts
     D:7: 449 daAuts
  Temple: 391 daAuts
  Bailey: 363 daAuts
    D:11: 110 daAuts
     D:1: 80 daAuts
